Map: Catalisador LE

Players

IagoAbreu - Winner!

  • Race: Zerg Zerg
  • League: Gold
  • Spawn Location: 11:00

lovemathully

  • Race: Zerg Zerg
  • League: Silver
  • Spawn Location: 5:00

VOD

Have the link to the VOD?

Description

Time

  • Played on: March 14, 2018, 1:55 p.m.
  • Length: 26:56
Show
View Real Time Build Order
Export as new Build Order

IagoAbreu Zerg - Winner!

Build Orders: Pool First, Lurkers 

Get SALT Encoding   

  12  0:11  Drone x2  
  14  0:27  Spawning Pool  
  13  0:37  Overlord  
  13  0:40  Drone  
  14  0:48  Overlord  
  14  0:53  Extractor  
  14  0:55  Extractor  
  14  0:56  Drone  
  13  1:02  Drone  
  14  1:18  Zergling x2  
  15  1:27  Zergling x2  
  15  1:32  Zergling x2  
  17  1:56  Hatchery  
  16  2:09  Zergling x6  
  19  2:29  Lair  
  19  2:52  Metabolic Boost  
  13  3:43  Queen  
  13  3:44  Queen  
  17  3:59  Drone x2, Hydralisk Den  
  17  4:00  Drone  
  19  4:05  Drone x3  
  22  4:22  Burrow  
  22  4:36  Hydralisk x2  
  22  4:37  Hydralisk  
  28  4:43  Hydralisk  
  30  5:14  Overlord x2  
  30  5:15  Zergling x10  
  30  5:16  Zergling x2  
  36  5:25  Extractor  
  35  5:30  Extractor  
  35  5:31  Drone x2  
  35  5:33  Drone  
  35  5:35  Drone x2  
  39  5:41  Zergling x2  
  40  5:43  Zergling x2  
  41  6:02  Hydralisk x2  
  36  6:40  Spire  
  36  6:45  Drone x3  
  38  7:22  Lurker Den  
  37  7:33  Hydralisk x3  
  37  7:34  Hydralisk x4  
  51  7:37  Overlord x2  
  51  7:41  Overlord  
  51  8:28  Hydralisk x12  
  51  8:39  Mutalisk x4  
  59  8:43  Drone x3  
  59  8:47  Drone x3  
  65  8:55  Lurker  
  66  9:07  Lurker  
  41  9:44  Mutalisk x2  
  37  9:46  Drone  
  37  9:47  Zergling x2  
  39  10:23  Hatchery  
  38  10:35  Hatchery  
  37  10:39  Hatchery, Hydralisk x4  
  37  10:40  Hydralisk  
  37  10:41  Drone x2  
  48  10:56  Overseer  
  48  11:00  Overseer  
  48  11:07  Queen  
  50  11:29  Lurker x2  
  53  12:04  Queen  
  53  12:05  Queen  
  55  12:44  Lurker x3  
  58  13:08  Drone  
  58  13:09  Drone x2  
  58  13:11  Drone x2  
  58  13:12  Drone  
  64  13:16  Drone x2  
  64  13:17  Drone x4  
  70  14:04  Hydralisk x5  
  70  14:05  Hydralisk x4  
  70  14:08  Overlord x4  
  88  14:26  Drone x3  
  88  14:27  Drone x2, Unknown  
  69  15:49  Zergling x2  
  65  15:50  Zergling x14  
  65  15:51  Zergling x12  
  65  15:52  Zergling x12  
  65  15:53  Zergling x12  
  65  15:54  Zergling x14  
  65  15:55  Zergling x4  
  98  16:11  Lurker x5  
  101  16:12  Lurker x2  
  105  16:29  Infestation Pit  
  104  16:54  Overlord  
  65  18:30  Hive  
  59  19:10  Lurker  
  59  19:11  Lurker  
  59  21:03  Corruptor x2  
  59  21:04  Corruptor x7  
  59  21:05  Corruptor x5  
  59  21:06  Mutalisk x2, Corruptor x3  
  59  21:07  Mutalisk x5  
  59  21:19  Overlord x3  
  59  21:20  Overlord x3  
  59  21:38  Greater Spire  
  59  21:53  Zergling x8  
  59  21:54  Zergling x14  
  59  21:55  Zergling x10  
  59  21:56  Zergling x2  
  59  21:57  Zergling x2  
  59  24:03  Brood Lord x4  
  59  24:04  Brood Lord  
  59  24:08  Brood Lord  
Show
View Real Time Build Order
Export as new Build Order

lovemathully Zerg 

Build Orders: Pool First 

Get SALT Encoding   

  12  0:01  Drone  
  13  0:17  Overlord  
  13  0:20  Drone  
  14  0:25  Drone, Extractor  
  14  0:37  Drone  
  14  0:40  Drone  
  16  1:00  Drone, Spawning Pool  
  16  1:07  Drone  
  17  1:12  Overlord  
  17  1:22  Drone  
  18  1:33  Drone  
  18  1:38  Extractor  
  18  1:43  Drone  
  18  1:46  Metabolic Boost  
  19  1:47  Queen  
  21  1:54  Drone  
  22  2:08  Drone  
  23  2:15  Drone  
  24  2:30  Zergling x2  
  25  2:43  Hatchery  
  24  2:47  Drone  
  24  2:49  Zergling x2  
  26  2:56  Zergling x6  
  29  3:06  Roach Warren  
  18  3:36  Queen  
  20  3:47  Drone x6  
  26  3:57  Queen  
  28  4:07  Zergling x6  
  31  4:18  Zergling x2  
  31  4:19  Zergling x2  
  31  4:21  Zergling x2  
  34  4:33  Spine Crawler  
  34  4:37  Spine Crawler  
  32  4:53  Roach, Zergling x4  
  32  4:57  Overlord  
  32  4:58  Overlord x3  
  36  5:21  Roach x2, Zergling x8  
  40  5:26  Zergling x2  
  40  5:27  Zergling x2  
  46  5:31  Zergling x2  
  32  6:22  Roach x2  
  32  6:23  Roach x8  
  32  6:25  Zergling x2  
  53  6:49  Zergling x2  
  53  6:50  Zergling x6  
  57  7:15  Zergling x2  
  57  7:16  Zergling x14  
  65  7:23  Drone  
  66  7:30  Baneling Nest  
  66  7:31  Lair  
  66  7:35  Roach  
  67  7:40  Overlord  
  67  8:05  Zergling x12  
  68  8:06  Zergling x2  
  74  8:28  Zergling x4  
  76  8:41  Baneling  
  76  8:42  Baneling x17  
  76  9:02  Overlord  
  76  9:03  Overlord  
  76  9:04  Overlord  
  26  10:08  Zergling x20  
  36  10:32  Hatchery  
  35  10:36  Baneling  
  35  10:37  Baneling x12  
  32  11:37  Spore Crawler  
  32  11:38  Spore Crawler  
  23  11:59  Spore Crawler  
  23  12:01  Spore Crawler  
  21  12:16  Drone x3  
  21  12:17  Drone x2  
  21  12:18  Drone x3  
  21  12:19  Drone x2  
  21  12:21  Drone  
  32  12:42  Queen  
  34  12:56  Spire  
  33  13:03  Hydralisk Den  
  32  13:08  Zergling x2  
  32  13:09  Zergling x16  
  40  13:45  Hydralisk x6  
  40  13:46  Hydralisk  
  53  13:58  Overseer  
  53  14:04  Hydralisk  
  53  14:05  Hydralisk x2  
  56  14:52  Zergling x18  
  61  14:53  Zergling x18  
  61  14:55  Zergling x2  
  71  15:09  Zergling x10  
  40  15:56  Hydralisk  
  42  15:57  Hydralisk x8  
  59  16:04  Drone  
  59  16:17  Hatchery  
  58  16:24  Queen  
  60  16:46  Unknown x3  
  44  17:55  Zergling x2  
  44  17:56  Zergling x2  
  44  17:57  Zergling x38  
  44  17:58  Zergling x2  
  24  18:25  Zergling x2  
  24  18:26  Zergling x12  
  15  18:39  Zergling x4  
Tags
 
Composition
Lurkers
Matchup
ZvZ
Race
Zerg
Spawn Locations
Cross Positions
Add a new tag
Caveats
  • Supply blocks, unpowered buildings, or Contaminate may cause inaccurate times.
  • Supply counts are checked every 10 seconds.